 Seeded DCSS version 0.28-a0-909-g796cbd3a86 (webtiles) character file.

Game seed: 20211177 (custom seed)

83 a11behringer the Shield-Bearer (level 4, -1/36 HPs)
             Began as a Formicid Fighter on Nov 25, 2021.
             Slain by Terence (2 damage)
             ... on level 2 of the Dungeon.
             The game lasted 00:06:28 (1104 turns).

a11behringer the Shield-Bearer (Formicid Fighter)   Turns: 1104, Time: 00:06:29

Health: -1/36      AC:  7    Str: 21    XL:     4   Next: 71%
Magic:  4/4        EV:  9    Int:  8    God:
Gold:   101        SH:  4    Dex: 10    Spells: 3/3 levels left

rFire   . . .      SeeInvis +   a - +0 long sword
rCold   . . .      Faith    .   c - +0 buckler
rNeg    . . .      Spirit   .   b - +0 scale mail
rPois   .          Reflect  .   (helmet unavailable)
rElec   .          Harm     .   (no cloak)
rCorr   .          Rampage  .   (no gloves)
Will    .....                   (no boots)
Stlth   ..........              (no amulet)
HPRegen 0.12/turn               (no ring)
MPRegen 0.09/turn               (no ring)

@: lethally poisoned (-1 -> -17)
A: permanent stasis, dig shafts and tunnels, antennae 3, four strong arms
a: Dig, Shaft Self


You were on level 2 of the Dungeon.
You visited 1 branch of the dungeon, and saw 2 of its levels.

You collected 101 gold pieces.

Inventory:

Hand Weapons
 a - a +0 long sword (weapon)
Armour
 b - a +0 scale mail (worn)
 c - a +0 buckler (worn)
Scrolls
 e - a scroll of teleportation {unknown}
Potions
 d - 2 potions of might
 f - a potion of magic {unknown}
 g - a potion of curing {unknown}
 h - a potion of flight {unknown}


   Skills:
 + Level 3.6 Fighting
 * Level 3.3 Long Blades
 + Level 3.9 Armour
 + Level 0.3 Dodging
 + Level 4.1 Shields


You had 3 spell levels left.
You didn't know any spells.
Your spell library contained the following spells:

 Spells                   Type           Power      Damage    Failure   Level
 Foxfire                  Conj/Fire      0%         2x1d4     75%         1
 Conjure Flame            Conj/Fire      0%         6-21      98%         3
 Inner Flame              Hex/Fire       0%         N/A       98%         3
 Flame Wave               Conj/Fire      0%         3d3       100%        4


Dungeon Overview and Level Annotations

Branches:
Dungeon (2/15)

Altars:

Shops:
D:1 =

Annotations:
D:2 1 runed translucent door, Crazy Yiuf, Terence


Innate Abilities, Weirdness & Mutations

You cannot be hasted, slowed, berserked, paralysed or teleported.
You can dig through walls and to a lower floor.
You have a pair of large antennae on your head. (SInv)
Your four strong arms can wield two-handed weapons with a shield.


Message History

You escape the ball python's grasp.
The ball python bites you but does no damage.
The ball python barely misses you.
Things that are here:
a +2 dagger of venom; a goblin corpse You hit the ball python but do no damage.
The ball python bites you. The ball python barely misses you.
You hit the ball python but do no damage.
You block the ball python's attack. The ball python grabs you.
The ball python constricts you.
The ball python bites you but does no damage.
The ball python constricts you.
You slash the ball python!
You kill the ball python!
You now have 101 gold pieces (gained 7).
Found a stone staircase leading down.
Terence the Incautious comes into view.
He is wielding a +2 short sword of venom.
Terence shouts!
Terence hits you but does no damage.
You are poisoned.
You closely miss Terence.
You feel sick.
Terence hits you with a +2 short sword of venom.
You are more poisoned.
You hit Terence but do no damage.
You feel very sick.
Terence hits you with a +2 short sword of venom.
You are more poisoned.
Terence hits you with a +2 short sword of venom.
You are more poisoned.
You slash Terence!
Terence is moderately wounded.
* * * LOW HITPOINT WARNING * * *
You feel extremely sick. Terence barely misses you.
You hit Terence.
Terence is heavily wounded.
* * * LOW HITPOINT WARNING * * *
You feel very sick.
Terence hits you with a +2 short sword of venom.
You die...

. ##. #..
#####.###
###..>....
.........#
#......# .
#..@@.# .
#.....### .
#.......# .
#......#.# .
........#.## #
...
######.###..##
#.# .. #.
##..# #.####.
.. ##.##
#...... ..#
#..####......


You could see Terence.

Vanquished Creatures
  A hound (D:2)
  A worm (D:2)
  An endoplasm (D:1)
  11 giant cockroaches
  7 goblins
  3 hobgoblins
  4 jackals (D:1)
  3 kobolds
  2 quokkas (D:1)
  4 ball pythons
  4 bats (D:1)
  A frilled lizard (D:1)
  3 rats
45 creatures vanquished.

Notes
Turn   | Place    | Note
-------+----------+-------------------------------------------
     0 | D:1      | a11behringer the Formicid Fighter began the quest for the
                  | Orb.
     0 | D:1      | Reached XP level 1. HP: 18/18 MP: 1/1
    75 | D:1      | Reached XP level 2. HP: 20/24 MP: 2/2
   340 | D:1      | Found Ushrooh's One-of-a-Kind Rings.
   404 | D:1      | Found a faded altar of an unknown god.
   420 | D:1      | Reached XP level 3. HP: 26/29 MP: 3/3
   893 | D:2      | Reached skill level 4 in Shields
   893 | D:2      | Reached XP level 4. HP: 27/35 MP: 4/4
  1029 | D:2      | Found a runed translucent door.
  1030 | D:2      | Noticed Crazy Yiuf
  1097 | D:2      | Noticed Terence
  1104 | D:2      | HP: 1/36 [poisoned by Terence]
  1104 | D:2      | Slain by Terence

Illustrated notes

Levels and vault maps discovered:
D:1:      dpeg_arrival_boxorama, layout_rooms, chequers_ecumenical_altar_grove,
          st_stairs_13, minmay_misc_feat_x, corexii_corridor_pit,
          nicolae_shop_unique_rings
D:2:      minmay_roachtagon, layout_rooms, uniq_terence, uniq_crazy_yiuf_cottage

Skill      XL: |  1  2  3 |
---------------+----------+-----
Long Blades    | 3 |  3.3
Shields        | 4 |  4.1
Fighting       | |  3.6
Armour         | |  3.9
Dodging        | |  0.3

Action                   |  1- 3 |  4- 6 || total
-------------------------+-------+-------++-------
Melee: Long sword        |   132 |    51 ||   183
 Abil: Dig               |     5 |     1 ||     6
Armor: Scale mail        |    95 |    37 ||   132
Dodge: Dodged            |    83 |    27 ||   110
Block: Buckler           |    43 |    17 ||    60

Table legend: (Time is in decaauts)
 A = Elapsed time spent in this place.
 B = Non-inter-level travel time spent in this place.
 C = Inter-level travel time spent in this place.
 D = Time resting spent in this place.
 E = Time spent auto-exploring this place.
 F = Levels seen in this place.
 G = Mean time per level.
                   A        B        C        D        E       F      G
               +--------+--------+--------+--------+--------+-----+--------+
         Total |   1156 |   1018 |    138 |      0 |    576 |   2 |  578.0 |
       Dungeon |   1156 |   1018 |    138 |      0 |    576 |   2 |  578.0 |
               +--------+--------+--------+--------+--------+-----+--------+

Top non-repeatable levels by time:
     D:1: 899 daAuts
     D:2: 257 daAuts
